 Dungeon Crawl Stone Soup version 0.16-b1-44-g6e95238 (webtiles) character file.

732 ProjectEKO the Caller (level 7, -1/57 HPs)
             Began as a Black Draconian Summoner on Mar 9, 2015.
             Slain by Menkaure (18 damage)
             ... on level 5 of the Dungeon.
             The game lasted 00:17:29 (5350 turns).

ProjectEKO the Caller (Black Draconian Summoner)    Turns: 5350, Time: 00:17:29

Health: -1/57      AC:  7    Str: 11    XL:     7   Next: 45%
Magic:  5/15       EV: 12    Int: 17    God:
Gold:   224        SH:  0    Dex: 11    Spells: 3 memorised, 6 levels left

rFire  . . .     SeeInvis .     x - +0 long sword
rCold  . . .     Clarity  .     (armour unavailable)
rNeg   . . .     SustAb   +     (no shield)
rPois  .         Gourm    .     (helmet restricted)
rElec  +         Spirit   .     (no cloak)
rCorr  .         Warding  .     f - +0 pair of gloves
rMut   .         Stasis   .     (no boots)
MR     .....                    (no amulet)
Stlth  ++........               r - ring of wizardry
                                n - ring of sustain abilities

@: about to teleport, very slightly contaminated, not resistant to hostile
enchantments, unstealthy
A: breathe lightning, unfitting armour, electricity resistance, cold-blooded, AC
+6
a: Breathe Lightning


You were on level 5 of the Dungeon.
You were not hungry.

You visited 1 branch of the dungeon, and saw 5 of its levels.

You collected 224 gold pieces.


Innate Abilities, Weirdness & Mutations

You can breathe wild blasts of lightning.
Your glossy black scales are hard (AC +6).
Your body does not fit into most forms of armour.
You are resistant to electric shocks.
Your cold-blooded metabolism reacts poorly to cold.


   Skills:
 - Level 3.2 Fighting
 + Level 3.2 Long Blades
   Level 2.8 Maces & Flails
 - Level 1.7 Dodging
 - Level 1.7 Stealth
 + Level 3.6 Spellcasting
 - Level 6.4 Summonings


You had 6 spell levels left.
You knew the following spells:

 Your Spells              Type           Power        Failure   Level  Hunger
x - Call Imp              Summ           ###.....     1%          2    ##.....
z - Summon Small Mammal   Summ           ###.         1%          1    None
Z - Summon Lightning Spi  Summ/Air       ##......     21%         4    ####...

Inventory:

Hand weapons
 x - a +0 long sword (weapon)
Armour
 e - a +0 buckler
 f - a +0 pair of gloves (worn)
Jewellery
 d - an uncursed amulet of stasis
 g - an uncursed ring of see invisible {unknown}
 n - a ring of sustain abilities (left hand)
 r - a ring of wizardry (right hand)
Scrolls
 a - 2 scrolls of identify
 j - a scroll of recharging
 q - a scroll of blinking
 u - a scroll of random uselessness {unknown}
 y - a scroll of immolation {!r}
Potions
 i - 2 potions of invisibility {unknown}
 k - a potion of mutation {unknown}
 l - a potion of agility {unknown}
 m - 2 potions of curing {unknown}
 o - a potion of heal wounds {unknown}
 w - 2 potions of brilliance {unknown}
Books
 b - a book of Callings

   Spells                             Type                      Level
   a - Summon Small Mammal            Summoning                    1
   b - Call Imp                       Summoning                    2
   c - Call Canine Familiar           Summoning                    3
   d - Summon Guardian Golem          Hexes/Summoning              4
   e - Summon Lightning Spire         Summoning/Air                4
   f - Summon Ice Beast               Ice/Summoning                4
 p - a Necronomicon {highlevel, unknown}

   This book is beyond your current level of understanding.

   Spells                             Type                      Level
   a - Haunt                          Necromancy/Summoning         7
   b - Borgnjor's Revivification      Necromancy                   8
   c - Death's Door                   Charms/Necromancy            8
   d - Necromutation                  Transmutation/Necromancy     8
Comestibles
 c - 2 bread rations
 h - 2 meat rations
 v - a beef jerky

Dungeon Overview and Level Annotations

Branches:
Dungeon (5/15)
 Temple: D:4-7

Altars:
Cheibriados
Gozag
Makhleb
Nemelex Xobeh
Qazlal
Yredelemnul

Annotations:
D:5 Menkaure

.. ...........# ## #.# #.#
#.###### #####......##
#########..<........####
....................#..###
#.
#########.......M...#....#
##.
#########.......d..))....#
#..
........#.^.........#...^#
....
#######.#...........#....#
#..
#######.#...........#....#
#..
#....##.#...........#......
#..
...#.##.#########.###....##
#.. ..................#
##### #..
..))..#.########### #..
..##..#.# #..


You could see Menkaure.


Message History

Aiming: Summon Lightning Spire You miscast Summon Lightning Spire.
You are very lightly contaminated with residual magic.
Distant voices call out to butt!
You are feeling hungry.
Aiming: Summon Lightning Spire An electric hum fills the air.
Your lightning spire shoots out a bolt of lightning at Menkaure!
The bolt of electricity hits Menkaure.
Your lightning spire shoots out a bolt of lightning at Menkaure!
The bolt of electricity hits Menkaure.
You start resting.
Eating a chunk of flesh {@*1}.
Aiming: Summon Lightning Spire An electric hum fills the air.
Menkaure shouts!
Menkaure hits your lightning spire.
Menkaure calls on the powers of darkness!
Your body is wracked with pain!
* * * LOW HITPOINT WARNING * * *
Menkaure hits your butt spire!!
Your lightning spire is destroyed!
Read which item? (? for menu, Esc to quit)
Okay, then.
Put on which butt of jewellery? (? for menu, Esc to quit)
You remove your amulet of stasis.
Read which item? (? for menu, Esc to quit)
As you read the scroll of teleportation, it crumbles to dust.
You feel strangely unstable. Menkaure hits you!!
Butt die...

Action                   |  1- 3 |  4- 6 |  7- 9 || total
-------------------------+-------+-------+-------++-------
Melee: Unarmed           |    13 |       |       ||    13
       Club              |    27 |       |       ||    27
       Whip              |    52 |       |       ||    52
       Mace              |    34 |    65 |       ||    99
       Falchion          |       |    55 |       ||    55
       Long sword        |       |    23 |    24 ||    47
 Cast: Summon Small Mamm |    15 |     1 |       ||    16
       Call Imp          |     3 |    13 |       ||    16
       Summon Lightning  |       |     8 |     8 ||    16
  Use: Scroll            |     5 |     6 |     1 ||    12
       Potion            |     1 |     1 |       ||     2
 Stab: Distracted        |       |     1 |       ||     1
  Eat: Chunk             |     4 |    13 |     3 ||    20

Vault maps used:
D:1:      zaba_arrival_water
D:2:      first_bread, minivault_14, dk_yredelemnul_ordeal, uniq_sigmund,
          uniq_robin, uniq_jessica
D:3:      nicolae_overflow_quartered_altars, hangedman_decor_clover_reticule,
          grunt_gozag_breadcrumbs
D:5:      nicolae_overflow_hidden_temple, small_statue_intersection,
          guppyfry_shop_venom, uniq_iyjb, uniq_blork_the_orc, uniq_menkaure

Notes
Turn   | Place    | Note
--------------------------------------------------------------
     0 | D:1      | ProjectEKO, the Draconian Summoner, began the quest for the Orb.
     0 | D:1      | Reached XP level 1. HP: 14/14 MP: 3/3
   288 | D:1      | Reached skill level 1 in Fighting
   316 | D:1      | Reached XP level 2. HP: 17/23 MP: 4/4
   788 | D:1      | Reached skill level 2 in Fighting
   788 | D:1      | Reached XP level 3. HP: 21/29 MP: 2/6
   956 | D:1      | Learned a level 2 spell: Call Imp
  1018 | D:2      | Noticed Sigmund
  1142 | D:2      | Noticed Robin
  1173 | D:1      | HP: 1/29 [goblin/dagger[Robin] (2)]
  1195 | D:1      | HP: 2/29 [bat (1)]
  1475 | D:1      | Killed Robin
  2037 | D:2      | Reached XP level 4. HP: 24/37 MP: 3/7
  2209 | D:2      | Killed Sigmund
  2209 | D:2      | Reached skill level 3 in Fighting
  2209 | D:2      | Reached skill level 5 in Summonings
  2610 | D:2      | Found a runed door.
  2612 | D:2      | Noticed a human
  2622 | D:2      | Learned a level 4 spell: Summon Lightning Spire
  2622 | D:2      | Noticed Jessica
  2623 | D:2      | Found a basalt altar of Yredelemnul.
  2629 | D:2      | Killed Jessica
  2629 | D:2      | Reached XP level 5. HP: 39/45 MP: 9/9
  2673 | D:2      | Killed a human
  2673 | D:2      | Reached skill level 2 in Maces & Flails
  2673 | D:2      | Reached XP level 6. HP: 51/51 MP: 5/10
  2821 | D:3      | Reached skill level 6 in Summonings
  2828 | D:3      | Found an opulent altar of Gozag.
  2917 | D:3      | Found a burning altar of Makhleb.
  3340 | D:3      | Found a snail-covered altar of Cheibriados.
  3369 | D:3      | Found a stormy altar of Qazlal.
  3395 | D:3      | Found a sparkling altar of Nemelex Xobeh.
  3927 | D:4      | Noticed talyn's ghost (weakling VSMo)
  4004 | D:4      | Killed talyn's ghost
  4004 | D:4      | Reached skill level 1 in Long Blades
  4710 | D:5      | Entered Level 5 of the Dungeon
  4882 | D:5      | Reached skill level 2 in Long Blades
  4947 | D:5      | Your scales start taking on a glossy black colour.
  4947 | D:5      | Gained mutation: You are resistant to electric shocks. [draconian maturity]
  4947 | D:5      | Reached XP level 7. HP: 54/57 MP: 12/12
  4972 | D:5      | Noticed dirge's ghost (average NaMo)
  5105 | D:5      | Killed dirge's ghost
  5105 | D:5      | Reached skill level 3 in Spellcasting
  5280 | D:5      | Reached skill level 3 in Long Blades
  5329 | D:5      | Noticed Menkaure
  5350 | D:5      | Slain by Menkaure

Vanquished Creatures
  A crimson imp (D:5)
  2 giant frog skeletons
  An orc wizard (D:3)
  2 orc priests (D:5)
  Jessica (D:2)
  A hound zombie (D:5)
  The ghost of talyn the Ruffian, a weakling VSMo (D:4)
  Robin (D:1)
  A gnoll (D:4)
  4 adders
  A shadow imp (D:5)
  An ooze (D:1)
  6 orcs
  9 bats
  A bat zombie (D:5)
  16 goblins
  8 hobgoblins
  8 kobolds
  3 quokkas
  3 giant cockroaches
  3 giant geckos
  6 giant newts
  A jackal zombie (D:2)
  7 rats
88 creatures vanquished.

Vanquished Creatures (collateral kills)
  The ghost of dirge the Ruffian, an average NaMo of Ru (D:5)
  A human (D:2)
  Sigmund (D:2)
  A crimson imp (D:5)
  An orc priest (D:5)
  An orc wizard (D:3)
  3 gnolls (D:5)
  An adder (D:3)
  2 shadow imps (D:5)
  A worm (D:2)
  11 orcs
  A giant cockroach (D:2)
  A hobgoblin (D:1)
  A bat (D:1)
  3 kobolds
  A rat (D:1)
31 creatures vanquished.

Vanquished Creatures (others)
  A crimson imp (D:2)
  3 white imps (D:2)
  3 lightning spires (D:5)
  A goblin (D:2)
  A bat (D:1)
  2 quokkas (D:2)
  2 rats (D:1)
13 creatures vanquished.

Grand Total: 132 creatures vanquished
